 Dungeon Crawl Stone Soup version 0.28.0-43-g3370ac3207 (webtiles) character file.

Game seed: 9920765484478795175

339 issech the Ducker (level 6, -1/61 HPs)
             Began as a Troll Monk on Mar 29, 2022.
             Splashed by a jelly's acid (7 damage)
             ... on level 4 of the Dungeon.
             The game lasted 00:09:08 (2425 turns).

issech the Ducker (Troll Monk)                      Turns: 2425, Time: 00:09:09

Health: -1/61      AC: -12   Str: 20    XL:     6   Next: 29%
Magic:  5/5        EV: 11    Int:  6    God:
Gold:   133        SH:  0    Dex: 14    Spells: 5/5 levels left

rFire   . . .      SeeInvis .   d - +5 short sword
rCold   . . .      Faith    .   v - orb {*channel}
rNeg    . . .      Spirit   .   b - +0 robe
rPois   .          Reflect  .   r - +0 hat
rElec   .          Harm     .   (no cloak)
rCorr   .          Rampage  .   (gloves unavailable)
Will    .....                   (boots unavailable)
Stlth   ++........              (no amulet)
HPRegen 1.00/turn               m - ring of wizardry
MPRegen 0.09/turn               (no ring)

@: corroded
A: large, unfitting armour, claws 3, regeneration 1, shaggy fur 1, tough skin 1
a: no special abilities


You were on level 4 of the Dungeon.
You visited 1 branch of the dungeon, and saw 5 of its levels.

You collected 133 gold pieces.

Inventory:

Hand Weapons
 a - a +0 mace
 d - a +5 short sword (weapon)
 q - a +1 whip of freezing
Missiles
 e - 174 stones (quivered)
 k - 37 arrows
 p - 3 boomerangs
 x - 5 poisoned darts
Armour
 b - a +0 robe (worn)
 r - a +0 hat (worn)
 v - an orb of energy (worn)
Jewellery
 m - a ring of wizardry (left claw)
Scrolls
 f - 2 scrolls of blinking {unknown}
 g - a scroll of teleportation {unknown}
 h - a scroll of amnesia {unknown}
 j - 2 scrolls of noise {unknown}
 l - a scroll of identify {unknown}
 o - 2 scrolls of brand weapon {unknown}
 s - a scroll of immolation {unknown}
 t - a scroll of enchant armour {unknown}
 u - a scroll of silence {unknown}
 w - a scroll of fear {unknown}
Potions
 c - a potion of attraction {unknown}
 i - a potion of invisibility {unknown}
 n - 2 potions of curing {unknown}


   Skills:
 + Level 3.3 Fighting
 + Level 3.2 Short Blades
 + Level 3.1 Maces & Flails
 + Level 3.4 Dodging
 + Level 1.7 Stealth


You had 5 spell levels left.
You didn't know any spells.
Your spell library contained the following spells:

 Spells                   Type           Power      Damage    Failure   Level
 Animate Skeleton         Necr           0%         N/A       21%         1
 Pain                     Necr           0%         1d4       21%         1
 Conjure Flame            Conj/Fire      0%         6-21      50%         3
 Ignite Poison            Fire/Tmut/Pois 0%         N/A       50%         3
 Vampiric Draining        Necr           0%         2d6       50%         3
 Sticky Flame             Conj/Fire      0%         2d3       86%         4


Dungeon Overview and Level Annotations

Branches:
Dungeon (5/15)
 Temple: D:4-7

Altars:

Shops:
D:4 (*((

Annotations:
D:3 1 runed translucent door, Icepheonix32's ghost, amateur TeFE


Innate Abilities, Weirdness & Mutations

You are too large for most types of armour.
You have claws for hands.
Your natural rate of healing is unusually fast.
You are covered in fur. (AC +1)
You have tough skin. (AC +1)


Message History

n - 2 pink potions (gained 1)
Found 12 arrows.
e - 174 stones (gained 19)
j - 2 scrolls labelled IGO EK EDUDA (gained 1)
k - 37 arrows (gained 12)
x - 5 poisoned darts You see here a +0 short sword.
You see here a +0 short sword.
A jelly comes into view.
The helpless jelly fails to defend itself.
You puncture the jelly! The acid corrodes you!
Your claws burn!
The jelly is moderately wounded.
The jelly barely misses you.
You hit the jelly. The acid corrodes you!
Your claws burn!
The jelly is heavily wounded.
The jelly hits you. The acid corrodes you!
You are splashed with acid!
You hit the jelly but do no damage.
Your claws burn!
The jelly is heavily wounded.
The jelly closely misses you.
You hit the jelly but do no damage.
Your claws burn!
The jelly is heavily wounded.
The jelly hits you.
You are splashed with acid!
You hit the jelly but do no damage.
Your claws burn!
The jelly is heavily wounded.
The jelly hits you.
You are splashed with acid!
You hit the jelly.
Your claws burn!
* * * LOW HITPOINT WARNING * * *
The jelly is severely wounded.
The jelly barely misses you.
You hit the jelly but do no damage. The acid corrodes you!
Your claws burn!
* * * LOW HITPOINT WARNING * * *
The jelly is severely wounded.
The jelly hits you.
* * * LOW HITPOINT WARNING * * *
The acid corrodes you!
You are splashed with acid!
* * * LOW HITPOINT WARNING * * *
The jelly hits you.
* * * LOW HITPOINT WARNING * * *
You are splashed with acid!
You die...

#.......# #.......#
#########
#.......####.......####
#.......#..............
#..................####
#..#########........###
#..#...# #..#........
#..#.#.# #..##.......
##.#.#@# #.....#....#
#.#.#J# #.#........#
#.#.#.# # #.##...##..#
#.#)#.# #.#...........
#.#.#.# #.#.###.###...
######...#.. #...###.# ...
#......#########..##.#####.
#..........................
#....##.#....#####.########


You could see a jelly.

Vanquished Creatures
  A bullfrog (D:4)
  A scorpion (D:4)
  A howler monkey (D:4)
  An orc priest (D:4)
  An orc wizard (D:4)
  A hound skeleton (D:4)
  4 adders
  A worm (D:2)
  3 dart slugs
  An orc (D:4)
  3 endoplasms
  2 giant cockroaches
  6 goblins
  5 hobgoblins
  5 jackals (D:4)
  6 kobolds
  7 quokkas
  10 ball pythons
  2 bats
  4 frilled lizards
  6 rats
71 creatures vanquished.

Notes
Turn   | Place    | Note
-------+----------+-------------------------------------------
     0 | D:1      | issech the Troll Monk began the quest for the Orb.
     0 | D:1      | Reached XP level 1. HP: 22/22 MP: 0/0
   120 | D:1      | Reached XP level 2. HP: 29/29 MP: 1/1
   457 | D:1      | Reached XP level 3. HP: 35/36 MP: 2/2
  1101 | D:2      | Reached skill level 1 in Short Blades
  1157 | D:2      | Reached XP level 4. HP: 44/44 MP: 3/3
  1573 | D:3      | Found a runed translucent door.
  1577 | D:3      | Noticed Icepheonix32's ghost (amateur TeFE)
  1587 | D:3      | You fall into a shaft and drop 2 floors!
  1587 | D:5      | Entered Level 5 of the Dungeon
  1634 | D:4      | Found Icsae's Weapon Shoppe.
  1646 | D:4      | Found Utuec's Assorted Antiques.
  1647 | D:4      | Found Abbuzxut's Antique Weapon Shoppe.
  1648 | D:4      | Found Vejel's Weapon Shoppe.
  1768 | D:4      | Noticed a bullfrog
  1788 | D:4      | Reached XP level 5. HP: 52/52 MP: 4/4
  1911 | D:4      | Reached XP level 6. HP: 38/61 MP: 5/5
  2425 | D:4      | Splashed by a jelly's acid

Illustrated notes

Levels and vault maps discovered:
D:1:      amcnicky_arrival_gap_in_the_tavern_cellar, layout_basic,
          serial_forest, infiniplex_forest_straight_2,
          infiniplex_forest_lined_3_way, infiniplex_forest_clump_small,
          infiniplex_forest_straight_1, infiniplex_forest_lined_corner,
          infiniplex_forest_straight_4, minmay_bisected
D:2:      layout_basic, st_stairs_4
D:3:      minmay_evil_eye, layout_basic, fedhas_altar_3,
          ebering_ghost_reflecting_pool, dilly_ecumenical_altar_fadedgnrine,
          uniq_ijyb
D:4:      layout_rooms, minmay_temple_entry_antechambers, minivault_27,
          eino_small_chamber_without_monster, minmay_shop_grid_forest
D:5:      layout_loops_ring, mainiacjoe_overflow_concentric_impassable

Skill      XL: |  1  2  3  4  5 |
---------------+----------------+-----
Maces & Flails | 3 |  3.1
Short Blades   | 1 2 3 |  3.2
Dodging        | 3 |  3.4
Fighting       | 3 |  3.3
Stealth        | |  1.7

Action                   |  1- 3 |  4- 6 || total
-------------------------+-------+-------++-------
Melee: Short sword       |    79 |   106 ||   185
       Punch             |     2 |     1 ||     3
 Stab: Sleeping          |     1 |     2 ||     3
Armor: Robe              |    30 |    31 ||    61
Dodge: Dodged            |    56 |    50 ||   106
